Map: Jagannatha LE

Players

Rex

  • Race: Zerg Zerg

ExpecT - Winner!

  • Race: Terran Terran

Event: DreamHack SC2 Masters 2021 Fall

VOD

Have the link to the VOD?

Description

Time

  • Played on: July 29, 2021, 9:16 a.m.
  • Length: 20:52

All games in this series

Show
View Real Time Build Order
Export as new Build Order

Rex Zerg 

Build Orders: Hatch First, Muta Ling Bane 

Get SALT Encoding   

  12  0:00  Drone  
  13  0:12  Overlord  
  13  0:17  Drone  
  14  0:31  Drone x2  
  16  0:48  Hatchery  
  15  0:51  Drone  
  15  0:54  Drone  
  17  0:59  Drone  
  18  1:08  Extractor  
  17  1:13  Spawning Pool  
  17  1:16  Drone  
  17  1:20  Drone  
  18  1:27  Drone  
  19  1:38  Drone  
  20  1:49  Drone  
  21  1:59  Queen  
  21  2:00  Queen, Zergling x2  
  21  2:01  Zergling x2  
  27  2:11  Overlord  
  27  2:13  Drone  
  28  2:30  Drone  
  28  2:31  Drone  
  28  2:33  Drone  
  31  2:42  Queen  
  31  2:43  Metabolic Boost  
  32  2:46  Overlord  
  32  2:50  Drone, Hatchery  
  32  2:55  Drone x2  
  32  2:57  Drone  
  35  3:05  Drone  
  35  3:06  Drone  
  35  3:11  Drone  
  35  3:12  Drone  
  39  3:19  Queen  
  41  3:23  Drone, Overlord  
  41  3:24  Drone  
  43  3:40  Overlord  
  43  3:44  Queen, Drone x6  
  51  3:50  Overlord  
  51  3:54  Overlord  
  51  3:58  Queen  
  51  4:00  Drone  
  51  4:01  Queen, Drone x2  
  58  4:03  Drone  
  59  4:10  Drone x2  
  59  4:16  Zergling x8  
  65  4:19  Overlord  
  65  4:20  Overlord  
  65  4:24  Lair  
  65  4:26  Extractor  
  65  4:30  Drone  
  65  4:31  Baneling Nest  
  65  4:36  Drone x2  
  66  4:39  Drone x6  
  66  4:43  Drone  
  73  4:46  Drone  
  73  4:48  Drone  
  73  4:49  Drone  
  76  4:55  Zergling x6  
  76  4:59  Drone x2  
  81  5:03  Spore Crawler  
  81  5:04  Spore Crawler  
  81  5:06  Spore Crawler, Zergling x2  
  79  5:10  Extractor, Drone x4  
  79  5:11  Extractor  
  81  5:23  Overlord  
  81  5:25  Overlord  
  81  5:26  Overlord  
  81  5:28  Queen  
  81  5:29  Spire  
  81  5:31  Extractor  
  81  5:32  Extractor  
  81  5:35  Overlord  
  80  5:37  Drone x2  
  80  5:38  Overlord  
  80  5:42  Drone x7, Overlord  
  89  5:45  Drone  
  89  5:46  Drone  
  89  5:48  Centrifical Hooks  
  92  5:50  Drone x2  
  92  5:52  Drone x2  
  96  5:57  Drone x2  
  97  6:05  Drone  
  97  6:10  Hatchery  
  97  6:15  Zergling x6  
  100  6:20  Zergling x8  
  100  6:25  Zergling x8  
  108  6:27  Overlord  
  108  6:33  Hatchery  
  106  6:43  Mutalisk x7  
  120  6:50  Zerg Flyer Weapons Level 1  
  120  6:51  Zergling x14  
  127  6:55  Baneling x5, Evolution Chamber x2  
  127  6:56  Baneling x2  
  127  7:01  Zergling x6  
  128  7:05  Zergling x2  
  126  7:11  Zergling x4  
  127  7:18  Mutalisk x5  
  137  7:25  Drone x7  
  137  7:26  Drone  
  142  7:34  Overlord  
  139  7:38  Overlord  
  139  7:39  Overlord  
  139  7:40  Overlord  
  139  7:48  Drone x6  
  145  7:52  Zergling x4, Hatchery  
  145  7:57  Zergling x2  
  145  7:58  Zergling x6  
  149  8:03  Drone x4  
  152  8:07  Zerg Melee Weapons Level 1, Zerg Ground Armor Level 1  
  152  8:10  Overseer x2, Pneumatized Carapace  
  152  8:11  Zergling x8  
  156  8:13  Baneling x4  
  156  8:23  Overlord x3  
  156  8:24  Drone x5  
  161  8:34  Zergling x14  
  161  8:35  Zergling x8  
  161  8:39  Baneling  
  161  8:40  Baneling x7  
  172  8:42  Baneling x4  
  172  8:45  Zerg Flyer Weapons Level 2  
  172  8:50  Spore Crawler x2, Zergling x8  
  174  9:01  Overlord  
  174  9:08  Mutalisk x5  
  174  9:09  Infestation Pit  
  181  9:12  Baneling  
  181  9:13  Zergling x22  
  192  9:17  Drone  
  192  9:18  Drone x5  
  198  9:25  Zergling x2  
  198  9:29  Baneling x11  
  199  9:48  Hatchery  
  198  9:54  Hatchery  
  198  9:57  Zergling x4  
  188  10:10  Zergling x48  
  190  10:20  Zergling x18  
  177  10:23  Zergling x14  
  177  10:24  Baneling x4  
  177  10:27  Zerg Ground Armor Level 2  
  177  10:28  Zerg Melee Weapons Level 2  
  179  10:30  Baneling x23  
  177  10:38  Extractor  
  177  10:40  Zergling x24  
  188  10:50  Zergling x12  
  188  10:56  Mutalisk x3  
  176  11:06  Zergling x22  
  174  11:15  Zergling x24  
  178  11:18  Lair  
  178  11:19  Zergling x2, Spawning Pool  
  178  11:21  Zergling x2  
  178  11:22  Zergling x2  
  173  11:30  Baneling x9  
  162  11:35  Zergling x20  
  169  11:40  Zergling x8  
  169  11:41  Baneling x13  
  169  11:44  Zergling x6  
  169  11:45  Zergling x6  
  169  11:46  Baneling x4  
  178  11:50  Baneling  
  178  11:54  Zergling x18  
  187  11:59  Zergling x4  
  180  12:08  Zergling x12  
  174  12:16  Zergling x8  
  173  12:27  Zergling x10  
  169  12:35  Zergling x8  
  169  12:39  Zergling x6  
  169  12:42  Zergling x2  
  168  12:46  Zergling x4  
  168  12:49  Zergling x4  
  170  12:51  Zergling x2  
  170  12:57  Zergling x2  
  163  12:59  Zergling x6  
  163  13:03  Zergling x2  
  154  13:11  Mutalisk x4  
  154  13:12  Mutalisk x5  
  167  13:16  Baneling x2  
  167  13:18  Zergling x10  
  148  13:21  Zergling x2  
  148  13:25  Zergling x2  
  146  13:30  Zergling x6  
  146  13:31  Hatchery  
  148  13:36  Zergling x8  
  148  13:40  Zergling x4  
  154  13:45  Zergling x4  
  156  13:51  Zergling x4  
  156  13:53  Zergling x2  
  159  13:57  Baneling x14  
  159  13:58  Hatchery  
  159  13:59  Zergling x2  
  159  14:13  Mutalisk x2  
  163  14:19  Drone x7  
  163  14:22  Baneling x5  
  170  14:25  Zergling x4  
  171  14:37  Zergling x18  
  141  14:39  Zergling x2  
  141  14:40  Zergling x4  
  141  14:41  Zergling x2  
  141  14:44  Zergling x2  
  144  14:49  Zergling x6  
  144  14:51  Zergling x2  
  147  14:59  Mutalisk x4  
  149  15:01  Zergling x6  
  148  15:08  Zergling x12  
  148  15:09  Baneling  
  148  15:10  Baneling x6  
  153  15:15  Zergling x6  
  153  15:19  Zergling x12  
  160  15:22  Zergling x2  
  161  15:28  Zergling x2  
  161  15:29  Zergling x10  
  161  15:33  Hive  
  167  15:37  Zergling x2  
  167  15:38  Zergling x14  
  167  15:41  Baneling x7  
  175  15:44  Zergling x6  
  175  15:48  Zergling x6, Hatchery  
  180  15:51  Zergling x2  
  180  15:52  Zergling x6, Overlord  
  180  15:54  Zergling x4  
  180  15:56  Zergling x4  
  188  15:59  Zergling x4  
  188  16:03  Zergling x2  
  188  16:04  Zergling x8, Overlord  
  195  16:08  Mutalisk  
  195  16:10  Overlord  
  195  16:19  Baneling x13  
  195  16:24  Drone  
  196  16:26  Extractor  
  196  16:29  Extractor  
  196  16:32  Hatchery  
  193  16:35  Baneling x7  
  183  16:56  Infestation Pit  
  183  17:00  Drone x14  
  183  17:01  Drone x3  
  196  17:23  Zergling x2  
  196  17:24  Zergling x16  
  196  17:27  Baneling  
  196  17:28  Baneling x23  
  191  17:33  Zergling x16  
  191  17:35  Baneling x3  
  187  17:48  Zergling x10  
  187  17:49  Zergling x10  
  192  17:52  Zergling x6  
  195  18:01  Zergling x10  
  198  18:12  Zergling x22  
  186  18:20  Mutalisk x3  
  186  18:24  Mutalisk  
  186  18:25  Mutalisk  
  140  18:42  Mutalisk  
  140  18:43  Mutalisk x4  
  126  18:55  Mutalisk x2  
  130  19:12  Zergling x26  
  130  19:15  Zergling x4  
  145  19:37  Baneling x7  
  145  19:42  Zergling x12  
  145  19:44  Extractor, Baneling  
  145  19:45  Baneling x2  
  150  19:46  Extractor  
  150  19:48  Baneling  
  150  19:52  Baneling  
  149  19:55  Baneling  
  144  20:01  Zergling x8  
  144  20:02  Zergling x14  
  146  20:09  Zergling x4  
  146  20:11  Zergling x2  
  140  20:18  Zergling x20  
  140  20:20  Zergling x2  
  108  20:23  Zergling x2  
  108  20:24  Baneling x4  
Show
View Real Time Build Order
Export as new Build Order

ExpecT Terran - Winner!

Build Orders: Reaper Expand 

Get SALT Encoding   

  12  0:00  SCV  
  13  0:12  SCV  
  14  0:17  Supply Depot  
  14  0:24  SCV  
  15  0:38  SCV  
  15  0:40  Barracks  
  16  0:44  Refinery  
  16  0:50  SCV  
  17  1:03  SCV  
  18  1:15  SCV  
  19  1:27  Reaper, Orbital Command  
  20  1:40  Command Center  
  20  1:51  Supply Depot  
  20  1:53  SCV  
  21  2:00  Marine  
  22  2:05  Factory  
  22  2:09  SCV  
  23  2:20  Barracks Reactor  
  23  2:22  SCV  
  24  2:34  SCV  
  25  2:44  Command Center  
  25  2:46  SCV  
  26  2:55  Orbital Command  
  26  2:58  SCV  
  27  3:03  Starport  
  27  3:11  SCV  
  28  3:15  Hellion x2  
  32  3:20  Refinery  
  32  3:22  SCV  
  33  3:28  SCV  
  33  3:29  Barracks Tech Lab  
  34  3:35  SCV  
  34  3:38  Hellion x2  
  39  3:44  Viking  
  39  3:45  SCV  
  39  3:47  SCV  
  43  3:53  Marine  
  44  3:57  SCV, Orbital Command  
  45  4:05  SCV, Hellion x2  
  45  4:09  SCV  
  51  4:13  Supply Depot  
  51  4:14  Liberator  
  54  4:18  SCV  
  54  4:21  SCV  
  56  4:25  SCV  
  56  4:29  Marine, Stimpack  
  56  4:31  SCV  
  59  4:34  SCV  
  60  4:42  Factory Reactor  
  60  4:43  SCV x2  
  62  4:45  Supply Depot  
  62  4:46  SCV, Barracks  
  62  4:47  Barracks  
  62  4:50  Marine  
  64  4:54  Engineering Bay  
  64  4:55  Engineering Bay  
  64  5:00  Starport Reactor  
  64  5:03  SCV x2  
  64  5:06  Refinery  
  66  5:07  Refinery  
  66  5:11  Supply Depot  
  66  5:12  Marine, Supply Depot  
  68  5:15  SCV  
  68  5:20  SCV, Orbital Command  
  69  5:22  Terran Infantry Weapons Level 1  
  69  5:23  Terran Infantry Armor Level 1  
  69  5:32  Marine  
  69  5:34  SCV x2  
  72  5:38  Barracks  
  72  5:40  Barracks  
  72  5:42  Supply Depot, Factory Tech Lab  
  72  5:45  Marine x2  
  72  5:46  SCV x2  
  76  5:50  SCV  
  76  5:55  Marine x2  
  76  5:56  Marine  
  80  5:58  SCV x2  
  80  6:02  SCV  
  80  6:03  Marine x2  
  83  6:10  SCV x2  
  83  6:11  Combat Shield  
  85  6:12  Supply Depot  
  85  6:13  Marine  
  85  6:14  SCV, Medivac  
  85  6:15  Medivac  
  91  6:22  SCV x2  
  91  6:24  Armory  
  93  6:28  Barracks Reactor x2  
  93  6:29  SCV  
  94  6:33  Marine x3  
  94  6:34  SCV x2  
  98  6:41  SCV  
  98  6:42  Marine  
  98  6:43  Marine  
  98  6:46  SCV  
  102  6:49  Siege Tank  
  102  6:51  Marine x3  
  108  6:54  Supply Depot  
  108  6:55  Supply Depot  
  108  6:57  Supply Depot  
  108  7:00  Marine  
  109  7:03  Refinery  
  109  7:04  Factory  
  109  7:07  Marine  
  109  7:08  SCV  
  109  7:09  SCV  
  109  7:15  Marine x7  
  109  7:18  Marine  
  117  7:24  Siege Tank  
  117  7:25  Marine  
  114  7:33  Marine x7  
  114  7:34  Terran Infantry Armor Level 2, Terran Infantry Weapons Level 2  
  114  7:35  Missile Turret  
  114  7:36  Marine, Missile Turret  
  122  7:38  Missile Turret  
  122  7:43  Marine  
  123  7:45  Medivac x2  
  123  7:46  Supply Depot  
  123  7:47  Supply Depot  
  127  7:51  Marine x6  
  127  7:54  Marine  
  127  7:55  Marine  
  127  7:57  Factory Reactor  
  127  7:58  Drilling Claws  
  131  8:01  Marine  
  129  8:09  Marine x2  
  129  8:12  Command Center  
  131  8:13  Marine x3  
  131  8:14  Thor  
  140  8:21  Factory Reactor  
  140  8:23  Marine x4  
  144  8:27  Supply Depot x3  
  144  8:29  Medivac  
  144  8:30  Medivac  
  148  8:36  Missile Turret  
  148  8:37  Supply Depot  
  148  8:38  Marine  
  148  8:39  Supply Depot  
  149  8:44  Marine x2  
  149  8:48  Marine x5  
  149  8:50  Marine  
  155  8:56  Marine  
  155  8:58  Thor  
  155  8:59  Medivac  
  155  9:00  Medivac  
  155  9:02  Marine x2  
  168  9:06  Marine x2  
  168  9:09  Marauder  
  171  9:11  Marine x3  
  171  9:14  Widow Mine  
  171  9:15  Widow Mine  
  178  9:21  Marine  
  178  9:22  Marine x2  
  178  9:24  Marine x2  
  181  9:26  Terran Vehicle Weapons Level 1  
  181  9:28  Marine, Supply Depot, Barracks x2  
  181  9:30  Marine, Barracks  
  181  9:31  Marine, Marauder  
  188  9:39  Marine x2, Widow Mine x2  
  188  9:43  Marine x2  
  195  9:53  Planetary Fortress, Marauder  
  195  9:56  Marine x2  
  197  10:02  Orbital Command, Missile Turret  
  197  10:05  Missile Turret x2  
  196  10:11  Marine x3  
  175  10:14  Marauder  
  175  10:17  Widow Mine x2  
  154  10:25  SCV x2, Terran Infantry Weapons Level 3  
  154  10:29  SCV  
  154  10:33  Medivac x2  
  161  10:35  Marauder  
  161  10:37  SCV  
  159  10:45  Marine x4  
  159  10:47  Widow Mine x3  
  164  10:50  Marine  
  164  10:51  Marine  
  164  10:53  Orbital Command  
  164  10:54  Marine x2  
  170  10:57  Marauder  
  170  10:58  Marine  
  170  10:59  Marine  
  170  11:02  Marine  
  170  11:03  Marine  
  164  11:07  Medivac x2  
  164  11:08  Widow Mine  
  154  11:16  Marine  
  154  11:17  Marine x4  
  151  11:18  Marauder  
  151  11:24  Marine  
  151  11:25  Marine  
  152  11:32  Marine  
  147  11:34  Marine x3  
  147  11:37  Medivac  
  147  11:39  Marauder  
  138  11:43  Marine x2  
  138  11:44  Marine  
  141  11:48  Marine x4  
  141  11:49  Marine  
  141  11:52  Marine x3  
  149  12:01  Marine x2, Marauder  
  151  12:02  Marine  
  151  12:06  Marine x4  
  151  12:07  Marine  
  157  12:10  Marine  
  157  12:11  Marine x2  
  148  12:19  Marine x3  
  148  12:22  Marauder  
  148  12:24  Marine x4  
  148  12:25  Marine  
  148  12:27  Widow Mine  
  148  12:28  Marine x2, Widow Mine x2  
  148  12:29  Marine  
  157  12:37  Marine x3  
  157  12:41  Marine  
  157  12:42  Marine x2  
  157  12:44  Marauder  
  165  12:50  Marine x2, Widow Mine x2  
  171  12:58  Marine  
  165  13:00  Marine  
  165  13:05  Marauder  
  151  13:07  Marine x2  
  142  13:13  Marine x4  
  142  13:15  Thor  
  142  13:16  Widow Mine x2  
  142  13:19  SCV x3  
  148  13:26  Marauder  
  144  13:27  Marine x2  
  144  13:28  Marine x3  
  144  13:30  SCV  
  144  13:31  SCV x2  
  150  13:37  Medivac x2  
  150  13:40  Marine x5  
  150  13:41  Marine  
  156  13:42  Widow Mine  
  156  13:45  Marine  
  156  13:48  Marauder  
  161  13:50  Marine x2  
  161  13:51  Marine  
  161  13:53  Missile Turret  
  164  13:59  Marine  
  164  14:00  Marine  
  164  14:01  Barracks Tech Lab x3  
  166  14:07  Marine, Medivac  
  166  14:08  Marine x2  
  171  14:11  Marine  
  171  14:16  Marine x2  
  171  14:17  Marine, Marauder  
  176  14:21  Marine  
  178  14:25  Marine x2  
  180  14:36  Marine  
  180  14:37  Marine x3  
  180  14:38  Marauder  
  140  14:40  Marine x5  
  140  14:42  Thor  
  140  14:43  Marine x2, Widow Mine x2  
  137  14:54  Marine  
  137  14:55  Marine x3  
  137  14:58  Marine x2  
  137  14:59  Marauder x2  
  136  15:02  Marine x2  
  136  15:03  Marauder  
  136  15:04  Widow Mine x2  
  135  15:11  Refinery x2  
  135  15:18  Marine x4  
  135  15:19  Marine x2, Marauder  
  135  15:20  Marine x2, Marauder  
  135  15:21  Marauder  
  149  15:24  Marauder  
  149  15:25  Missile Turret  
  149  15:26  Widow Mine  
  149  15:27  Thor  
  149  15:28  Widow Mine  
  147  15:36  Marine x4  
  147  15:37  Medivac  
  147  15:40  Marine, Marauder  
  147  15:41  Marine  
  147  15:42  Marauder x2  
  161  15:47  Widow Mine  
  161  15:48  Refinery  
  163  15:51  Marine x2, Widow Mine  
  163  15:52  Marauder  
  163  15:59  Marine x2  
  163  16:02  Marauder  
  167  16:08  Widow Mine, Medivac x2  
  167  16:10  Widow Mine  
  167  16:11  Marine x3, Marauder  
  175  16:12  Marauder  
  175  16:13  Marine  
  182  16:20  Marine x2  
  182  16:21  Marauder  
  186  16:27  Marine x2  
  188  16:34  Supply Depot  
  188  16:35  Marine  
  188  16:36  Marauder  
  188  16:39  Marine x2, Marauder  
  189  16:44  Medivac  
  191  16:53  Medivac  
  193  16:57  Supply Depot  
  193  16:59  Terran Infantry Armor Level 3  
  193  17:01  Marine, Marauder  
  196  17:04  Marine  
  196  17:05  Marauder  
  199  17:15  Marine  
  200  17:27  Orbital Command  
  187  17:35  Marine  
  187  17:36  Marine, Marauder  
  179  17:46  Marine x2, Marauder  
  176  17:55  Marine  
  176  17:56  Marauder  
  180  18:00  Marine x2, Marauder  
  180  18:02  Marine  
  184  18:12  Marine, Marauder  
  169  18:13  Marine  
  169  18:17  Marine  
  169  18:18  Marine x2  
  172  18:20  Marine  
  172  18:21  Marine  
  164  18:29  Marine  
  164  18:31  Marine, Widow Mine x2  
  164  18:32  Medivac x2  
  164  18:33  Marine  
  171  18:34  Marine  
  171  18:35  Marine  
  171  18:36  Marine  
  171  18:38  Marine  
  171  18:39  Marine  
  156  18:47  Marine  
  123  18:48  Marine  
  123  18:51  Marine  
  123  18:52  Marine  
  123  18:53  Marine x2, Widow Mine x2  
  121  18:56  Marauder  
  123  19:13  Orbital Command  
  123  19:14  Widow Mine x2  
  123  19:15  Marine x3, Marauder  
  123  19:16  Marauder  
  134  19:22  Marine x2  
  136  19:27  Marine  
  137  19:32  Marine  
  137  19:33  Marine x2  
  137  19:36  Marine x2, Widow Mine x2  
  146  19:40  Marine  
  146  19:41  Medivac x2  
  151  19:48  Marine  
  151  19:49  Marauder  
  151  19:50  Marine x2  
  151  19:51  Marine  
  157  19:57  Widow Mine  
  157  19:58  Marine, Marauder  
  155  20:06  Marine  
  154  20:09  Marine x2  
  129  20:21  Marine x2  

Tags
 
Add a new tag
Caveats
  • Supply blocks, unpowered buildings, or Contaminate may cause inaccurate times.
  • Supply counts are checked every 10 seconds.